 Dungeon Crawl Stone Soup version 0.20.1-1-g8b1a95d (webtiles) character file.

1365 Jukra the Cleaver (level 8, 0/117 HPs)
             Began as a Minotaur Berserker on Sept 3, 2017.
             Was a Priest of Trog.
             Slain by a yak (7 damage)
             ... on level 5 of the Dungeon.
             The game lasted 00:17:44 (4133 turns).

Jukra the Cleaver (Minotaur Berserker)              Turns: 4133, Time: 00:17:46

Health: 0/117      AC:  7    Str: 32    XL:     8   Next: 38%
Magic:  7/7        EV: 12    Int:  4    God:    Trog [***...]
Gold:   143        SH:  0    Dex:  9    Spells: 7/7 levels left

rFire    . . .     SeeInvis .   a - +1 hand axe
rCold    . . .     Gourm    .   (no shield)
rNeg     . . .     Faith    .   g - +0 scale mail
rPois    .         Spirit   .   (helmet restricted)
rElec    .         Reflect  .   (no cloak)
rCorr    .         Harm     .   (no gloves)
MR       +....                  (no boots)
Stlth    ..........             (no amulet)
Regen    0.3/turn               (no ring)
MPRegen  0.1/turn               (no ring)

@: berserking, very quick
A: retaliatory headbutt, horns 2, blurry vision 1, magic resistance 1, robust 1,
strong 1
a: Berserk, Trog's Hand, Burn Spellbooks, Renounce Religion


You were on level 5 of the Dungeon.
You worshipped Trog.
Trog was most pleased with you.
You were not hungry.

You visited 1 branch of the dungeon, and saw 5 of its levels.
You also visited: Sewer.

You collected 143 gold pieces.

Inventory:

Hand Weapons
 a - a +1 hand axe (weapon)
 m - a +2 dagger of venom
 r - a +0 hand axe
 s - a +0 long sword
 u - a +0 long sword
 v - a +0 flail
 w - a +0 flail
 x - a +2 flail of protection
 z - a +1 mace of holy wrath
 B - a +0 rapier
 C - a +0 long sword
Missiles
 l - 7 steel javelins (quivered)
Armour
 b - a +0 animal skin
 g - a +0 scale mail (worn)
 j - a +0 ring mail
 n - a +2 leather armour of fire resistance
 E - a cursed -2 robe
Wands
 y - a wand of paralysis (6/24)
 G - a wand of lightning (12/15)
Scrolls
 d - a scroll of blinking
 e - 2 scrolls of remove curse
 f - 2 scrolls of teleportation
 h - a scroll of magic mapping
 D - 2 scrolls of identify
Potions
 i - a potion of ambrosia {unknown}
 p - a potion of brilliance
 q - a potion of haste
 t - 2 potions of curing
 A - 2 potions of heal wounds {unknown}
 F - a potion of resistance {unknown}
Comestibles
 c - 3 bread rations
 k - 4 meat rations
 o - 7 fruits


   Skills:
 + Level 6.7 Fighting
 + Level 8.5(8.7) Axes
 + Level 2.2(5.8) Maces & Flails
 + Level 6.3 Armour
 + Level 4.2 Dodging
 + Level 0.8 Stealth


You had 7 spell levels left.
You didn't know any spells.

Dungeon Overview and Level Annotations

Branches:
Dungeon (5/15)
 Temple: D:4-7

Altars:
Ashenzari
Cheibriados
Dithmenos
Yredelemnul


Innate Abilities, Weirdness & Mutations

You reflexively headbutt those who attack you in melee.
You have a pair of horns on your head.
Scrolls take you a little longer to read.
You are resistant to hostile enchantments. (MR+)
You are robust. (+10% HP)
Your muscles are strong. (Str +2)


Message History

* * * LOW HITPOINT WARNING * * *
You slash the yak! You headbutt the yak.
The yak is heavily wounded.
You slash the yak! You barely miss the yak.
The yak is lightly wounded.
You barely miss the yak. The yak gores you.
* * * LOW HITPOINT WARNING * * *
The yak completely misses you.
You completely miss the yak. You headbutt the yak!
The yak is heavily wounded.
You slash the yak! The yak barely misses you. You furiously retaliate!
You headbutt the yak! You slash the yak!
You feel the power of Trog in you as your rage grows.
You kill the yak!
Trog accepts your kill.
Your base Maces & Flails skill increases to level 2!
You hit the yak but do no damage. The yak gores you!
You die...

#.#.........## #
##########.##.......##
#
........#..##......##
##
..........####....##
##. ...?......# ##..##
##.. ..........# #.##
##... #.........# ###
##.... ###.......#
##..... ######@.#
##...... ......Y†.#
##....... .......#..#
##........ ####..#
#..# ##......... #...
#..##.......... ....?
#..#<......... ....>
#............ .....
##...........
##..........


You could see a yak.

Vanquished Creatures
  4 yaks (D:5)
  Duvessa (D:4)
  The ghost of gwathlobal the Skirmisher, an amateur OgGl (D:3)
  A centaur (D:3)
  A bullfrog (D:3)
  Dowan (D:4)
  A howler monkey (D:4)
  A hound (D:5)
  An orc priest (D:3)
  Jessica (D:3)
  A worker ant (D:3)
  An orc wizard (D:4)
  4 gnolls (D:3)
  5 river rats (Sewer)
  5 adders
  5 worms
  3 dart slugs
  4 leopard geckos
  8 orcs
  A giant cockroach (D:1)
  6 goblins
  5 hobgoblins
  7 jackals
  4 kobolds
  A quokka (D:2)
  2 ball pythons (Sewer)
  7 bats
  14 frilled lizards
  A quokka skeleton (D:5)
  16 rats
113 creatures vanquished.

Notes
Turn   | Place    | Note
-------+----------+-------------------------------------------
     0 | D:1      | Jukra the Minotaur Berserker began the quest for the Orb.
     0 | D:1      | Reached XP level 1. HP: 19/19 MP: 0/0
   105 | D:1      | Found a shattered altar of Ashenzari.
   312 | D:1      | Reached XP level 2. HP: 27/27 MP: 1/1
   378 | D:1      | Reached skill level 4 in Axes
   900 | D:2      | Reached XP level 3. HP: 33/33 MP: 2/2
   951 | D:2      | Reached ** piety under Trog
  1210 | D:2      | Found a snail-covered altar of Cheibriados.
  1248 | D:2      | Reached XP level 4. HP: 40/41 MP: 3/3
  1568 | D:3      | Noticed gwathlobal's ghost (amateur OgGl)
  1569 | D:3      | Noticed Jessica
  1581 | D:3      | Killed Jessica
  1581 | D:3      | Reached skill level 5 in Axes
  1582 | D:3      | Killed gwathlobal's ghost
  1582 | D:3      | Reached skill level 5 in Fighting
  1582 | D:3      | Reached XP level 5. HP: 11/48 MP: 4/4
  1856 | D:3      | Reached skill level 6 in Axes
  1887 | D:3      | Found a glowing drain.
  1905 | Sewer    | Entered a sewer
  1960 | Sewer    | Reached XP level 6. HP: 54/56 MP: 5/5
  2062 | Sewer    | Reached *** piety under Trog
  2466 | D:3      | Reached XP level 7. HP: 50/62 MP: 6/6
  2733 | D:4      | Noticed Dowan
  2738 | D:4      | Noticed Duvessa
  2745 | D:4      | Killed Dowan
  2745 | D:4      | Reached skill level 7 in Axes
  2757 | D:4      | Killed Duvessa
  3065 | D:4      | Reached skill level 5 in Armour
  3834 | D:5      | Entered Level 5 of the Dungeon
  3840 | D:5      | Gained mutation: Your flesh is cold resistant. (rC+) [potion of mutation]
  3840 | D:5      | Gained mutation: Your muscles are strong. (Str +2) [potion of mutation]
  3841 | D:5      | Lost mutation: Your flesh is cold resistant. (rC+) [potion of mutation]
  3841 | D:5      | Lost mutation: Your muscles are strong. (Str +2) [potion of mutation]
  3841 | D:5      | Gained mutation: You are robust. (+10% HP) [potion of mutation]
  3841 | D:5      | Gained mutation: Your muscles are strong. (Str +2) [potion of mutation]
  3841 | D:5      | Gained mutation: Scrolls take you a little longer to read. [potion of mutation]
  3841 | D:5      | Gained mutation: You are resistant to hostile enchantments. (MR+) [potion of mutation]
  3971 | D:5      | Found a shadowy altar of Dithmenos.
  4063 | D:5      | Found a basalt altar of Yredelemnul.
  4113 | D:5      | Noticed a yak
  4115 | D:5      | Noticed a yak
  4116 | D:5      | Noticed a yak
  4116 | D:5      | Noticed a yak
  4118 | D:5      | Noticed a yak
  4121 | D:5      | Killed a yak
  4127 | D:5      | Killed a yak
  4127 | D:5      | Reached skill level 8 in Axes
  4127 | D:5      | Reached skill level 1 in Maces & Flails
  4127 | D:5      | Reached XP level 8. HP: 18/78 MP: 7/7
  4133 | D:5      | Slain by a yak

Skill      XL: |  1  2  3  4  5  6  7  8 |
---------------+-------------------------+-----
Axes           | 4 5 6 8 |  8.5
Fighting       | 4 5 6 |  6.7
Armour         | 3 4 5 6 |  6.3
Dodging        | 3 4 |  4.2
Maces & Flails | 1 2 |  2.2
Stealth        | |  0.8

Action                   |  1- 3 |  4- 6 |  7- 9 || total
-------------------------+-------+-------+-------++-------
Melee: Hand axe          |    69 |   126 |    56 ||   251
       Headbutt          |    10 |    18 |    21 ||    49
       Flail             |       |       |    16 ||    16
Invok: Berserk           |       |     1 |     1 ||     2
  Use: Scroll            |       |    10 |     1 ||    11
       Potion            |       |     7 |     2 ||     9
  Eat: Fruit             |     3 |       |     8 ||    11
       Royal jelly       |     1 |       |       ||     1
       Chunk             |       |     2 |     1 ||     3
Armor: Animal skin       |     8 |       |       ||     8
       Ring mail         |     3 |    10 |       ||    13
       Scale mail        |       |    18 |    23 ||    41
Dodge: Dodged            |    38 |    72 |    29 ||   139
